 Dungeon Crawl Stone Soup version 0.25.1-2-g60ff931df9 (webtiles) character file.

Game seed: 11397409794017708505

71 ArchParadox the Chiller (level 4, -9/27 HPs)
             Began as a Gargoyle Ice Elementalist on Sept 21, 2020.
             Killed by divine providence
             ... invoked by an orc priest
              (12 damage)
             ... on level 2 of the Dungeon.
             The game lasted 00:06:23 (2495 turns).

ArchParadox the Chiller (Gargoyle Ice Elementalist) Turns: 2495, Time: 00:06:24

Health: -9/27      AC:  5    Str: 11    XL:     4   Next: 24%
Magic:  2/7        EV: 12    Int: 17    God:
Gold:   26         SH:  0    Dex: 10    Spells: 4/8 levels left

rFire    . . .     SeeInvis .   d - +0 short sword
rCold    . . .     Gourm    .   (no shield)
rNeg     + . .     Faith    .   a - +0 robe
rPois    ∞         Spirit   .   (no helmet)
rElec    +         Reflect  .   (no cloak)
rCorr    .         Harm     .   (no gloves)
MR       .....                  (no boots)
Stlth    ++........             (no amulet)
HPRegen  0.09/turn              (no ring)
MPRegen  0.10/turn              (no ring)

@: no status effects
A: negative energy resistance 1, electricity resistance, unbreathing,
petrification resistance, rot immunity, AC +3
a: no special abilities


You were on level 2 of the Dungeon.
You were near starving.

You visited 1 branch of the dungeon, and saw 2 of its levels.

You collected 26 gold pieces.

Inventory:

Hand Weapons
 d - a +0 short sword (weapon)
Armour
 a - a +0 robe (worn)
Scrolls
 b - a scroll of magic mapping {unknown}
Potions
 e - 2 potions of degeneration {unknown}
 f - a potion of curing {unknown}
Comestibles
 c - 2 rations


   Skills:
 * Level 2.8 Fighting
 - Level 1.5 Dodging
 - Level 2.1 Stealth
 + Level 2.6 Spellcasting
 + Level 4.4 Ice Magic


You had 4 spell levels left.
You knew the following spells:

 Your Spells              Type           Power        Failure   Level  Hunger
a - Freeze                Ice            ###.         3%          1    #......
b - Frozen Ramparts       Ice            ###...       9%          3    ###....

Your spell library contained the following spells:

 Spells                   Type           Power        Failure   Level  Hunger
 Ozocubu's Armour         Chrm/Ice       #.......     22%         3    ###....
 Hailstorm                Conj/Ice       #.......     58%         4    #####..
 Summon Ice Beast         Ice/Summ       #.......     58%         4    #####..


Dungeon Overview and Level Annotations

Branches:
Dungeon (2/15)

Altars:


Innate Abilities, Weirdness & Mutations

You are resistant to torment.
Your stone body is resilient. (AC +3)
You are immune to poison.
You resist negative energy. (rN+)
You are resistant to electric shocks. (rElec)
You can survive without breathing.
You are immune to petrification.
You are immune to rotting.


Message History

The bat hits you but does no damage.
The orc priest mumbles some strange prayers to Beogh against you.
Pain shoots through your body!
* * * LOW HITPOINT WARNING * * *
The orc priest misses you.
An orc comes into view. It is wielding a +0 trident.
Casting: Freeze (safe; 3% risk of failure)
Confirm with . or Enter, or press ? or * to list all spells.
Aiming: Freeze (safe; 3% risk of failure)
Press: ? - help, Shift-Dir - straight line, f/p - orc priest
Aim: an orc priest, wearing a +0 scale mail (severely wounded)
You freeze the orc priest.
The orc priest is severely wounded.
The orc shouts!
The bat hits you but does no damage.
The orc priest hits you with a +0 hand axe.
* * * LOW HITPOINT WARNING * * *
The orc priest invokes the aid of Beogh against you.
Beogh smites you!
You die...

############
#.$.....o@.#
#.......o).#
#<.........#
#.....>.b..#
#..........#
............#
##..........#
#[.....o....
#..........?.


You could see 2 orc priests, an orc and a bat.

Vanquished Creatures
  3 adders
  2 dart slugs (D:1)
  2 leopard geckos (D:1)
  A giant cockroach (D:1)
  8 goblins
  4 hobgoblins
  2 jackals (D:1)
  A kobold (D:1)
  4 bats (D:1)
  5 frilled lizards (D:1)
  5 rats (D:1)
37 creatures vanquished.

Notes
Turn   | Place    | Note
-------+----------+-------------------------------------------
     0 | D:1      | ArchParadox the Gargoyle Ice Elementalist began the quest
                  | for the Orb.
     0 | D:1      | Reached XP level 1. HP: 10/10 MP: 3/3
   191 | D:1      | Reached skill level 1 in Fighting
   191 | D:1      | Reached XP level 2. HP: 16/16 MP: 3/5
   942 | D:1      | Reached XP level 3. HP: 11/21 MP: 4/6
  1189 | D:1      | Learned a level 3 spell: Frozen Ramparts
  2008 | D:1      | Reached XP level 4. HP: 12/27 MP: 2/7
  2199 | D:2      | HP: 1/27 [orc priest/divine providence (13)]
  2495 | D:2      | Killed from afar by an orc priest

Illustrated notes

Levels and vault maps discovered:
D:1:      dpeg_arrival_round_c, layout_basic
D:2:      layout_rooms, amethyst_overflow_temple_binary, first_ration,
          wad_floor_pattern_untrapped, uniq_jessica

Skill      XL: |  1  2  3 |
---------------+----------+-----
Fighting       | 1 2 |  2.8
Dodging        | |  1.5
Stealth        | |  2.1
Spellcasting   | |  2.6
Ice Magic      | |  4.4

Action                   |  1- 3 |  4- 6 || total
-------------------------+-------+-------++-------
Melee: Short sword       |   100 |    27 ||   127
 Cast: Freeze            |    14 |     4 ||    18
       Frozen Ramparts   |     2 |     1 ||     3
 Stab: Sleeping          |     2 |       ||     2
  Eat: Chunk             |     3 |     1 ||     4
Armor: Robe              |    47 |    38 ||    85
Dodge: Dodged            |    78 |    72 ||   150
